AoeStats
← AxingQuestions

Acropolis

503281825Analyzed
1v1 RM · 1mo ago on Aug 31, 2026· 63m 48s· 2 players
Game mode
Random Map
Map size
Tiny (2 player)
Population
200
Speed
Normal
Resources
Standard
Victory
Conquest
Starting age
Dark Age
Ending age
Imperial Age
RankedLock teamsTeams togetherTeam positionsShared explorationLock speedFull tech treeHidden civsTurbo modeCheats
Victory
Defeat
🇺🇸 Bohemians · United States
1165
+17
🇦🇷 Koreans · Argentina
1188
-17
AxingQuestions
8:27 Loom
10:14 Feudal Age
15:01 Castle Age
14:03 Double-Bit Axe
17:51 Wheelbarrow
19:08 Bow Saw
19:22 Fletching
21:41 Light Cavalry
23:11 Husbandry
24:13 Bodkin Arrow
24:32 Forging
25:10 Scale Barding Armor
30:45 Chain Barding Armor
32:05 Hand Cart
39:27 Imperial Age
39:55 Capped Ram
41:30 Conscription
41:19 Wagenburg Tactics
42:26 Elite Hussite Wagon
44:39 Chemistry
43:21 Treadmill Crane
44:21 Masonry
44:06 Murder Holes
52:01 Two-Man Saw
52:23 Fortified Wall
52:08 Murder Holes
54:06 Squires
55:44 Pikeman
58:29 Town Watch
Satoshi nakamoto
2:33 Loom
10:06 Feudal Age
16:49 Castle Age
16:04 Double-Bit Axe
24:32 Fletching
28:04 Wheelbarrow
31:38 Bodkin Arrow
39:17 Imperial Age
38:26 Hand Cart
39:58 Eupseong
42:19 Squires
42:54 Bow Saw
43:14 Conscription
47:12 Two-Man Saw
45:55 Horse Collar
49:14 Chemistry
48:52 Heavy Plow
49:22 Masonry
49:23 Husbandry
49:21 Cavalier
50:10 Scale Barding Armor
50:16 Forging
56:57 Chain Barding Armor
57:13 Iron Casting
Connection lost

Rejoining the realm…

Still unreachable

The connection could not be restored.

Session expired

The server has moved on; the page needs a fresh start.